 Dungeon Crawl Stone Soup version 0.30-a0-347-gf58ed5266c (webtiles) character file.

Game seed: 5359219730882752933

9449 Pooter the Cleaver (level 11, -6/99 HPs)
             Began as a Minotaur Berserker on Nov 6, 2022.
             Was a Priest of Trog.
             Mangled by a seven-headed hydra (8 damage)
             ... on level 10 of the Dungeon on Nov 7, 2022.
             The game lasted 00:42:58 (8904 turns).

Pooter the Cleaver (Minotaur Berserker)             Turns: 8904, Time: 00:42:58

Health: -6/99      AC: 12    Str: 24    XL:     11   Next: 23%
Magic:  0/10       EV: 12    Int:  6    God:    Trog [***...]
Gold:   930        SH:  0    Dex: 10    Spells: 10/10 levels left

rFire   . . .      SeeInvis .    N - +4 scimitar (flame)
rCold   + + .      Faith    .    (no shield)
rNeg    . . .      Spirit   +    J - +2 chain mail {rC+}
rPois   .          Reflect  .    (helmet restricted)
rElec   .          Harm     .    (no cloak)
rCorr   .          Rampage  .    (no gloves)
Will    .....                    U - +1 pair of boots
Stlth   ..........               o - amulet "Zushrapn" {Spirit Slay+3}
HPRegen 0.36/turn                e - +4 ring of evasion
MPRegen 0.12/turn                I - ring of protection from cold

@: on berserk cooldown, slowed, very slow
A: horns 2, retaliatory headbutt
a: Renounce Religion, Berserk, Trog's Hand


You were on level 10 of the Dungeon.
You worshipped Trog.
Trog was most pleased with you.
You visited 1 branch of the dungeon, and saw 10 of its levels.

You collected 1476 gold pieces.
You spent 546 gold pieces at shops.

Inventory:

Hand Weapons
 a - a +5 war axe
   (You took it off a wight on level 4 of the Dungeon)
 b - a +0 shortbow
   (You took it off a centaur on level 5 of the Dungeon)
 x - a +5 spear
   (You took it off a wight on level 4 of the Dungeon)
 H - a +0 sling
   (You found it on level 4 of the Dungeon)
 N - a +4 scimitar of flaming (weapon)
   (You took it off Erica on level 10 of the Dungeon)
 O - a -3 eveningstar
   (You bought it in a shop on level 7 of the Dungeon)
Missiles
 d - a silver boomerang
 j - 5 throwing nets {!f}
 n - 5 javelins
 s - 5 datura-tipped darts
 z - 26 poisoned darts
 M - 7 boomerangs (quivered)
 Q - 69 stones
 V - 2 curare-tipped darts
Armour
 q - a +0 plate armour
   (You found it on level 2 of the Dungeon)
 J - a +2 chain mail of cold resistance (worn)
   (You took it off Duvessa on level 5 of the Dungeon)
 U - a +1 pair of boots (worn)
   (You found it on level 9 of the Dungeon)
Jewellery
 e - a +4 ring of evasion (left hand)
   (You found it on level 1 of the Dungeon)
 o - the amulet "Zushrapn" (around neck) {Spirit Slay+3}
   (You bought it in a shop on level 5 of the Dungeon)

   [amulet of guardian spirit]

   It causes incoming damage to be divided between your reserves of health and
   magic.
   Slay:      It affects your accuracy & damage with ranged weapons and melee
   (+3).
 B - an amulet of regeneration
   (You found it on level 3 of the Dungeon)
 F - a ring of protection from fire
   (You found it on level 9 of the Dungeon)
 I - a ring of protection from cold (right hand)
   (You found it on level 4 of the Dungeon)
 T - a ring of flight
   (You found it on level 7 of the Dungeon)
Wands
 f - a wand of flame (12)
   (You took it off a hobgoblin on level 10 of the Dungeon)
 r - a wand of roots (20)
   (You took it off Terence on level 3 of the Dungeon)
 u - a wand of paralysis (1)
   (You took it off Ijyb on level 3 of the Dungeon)
 D - a wand of digging (2)
   (You found it on level 7 of the Dungeon)
Scrolls
 c - a scroll of blinking
 i - a scroll of immolation {unknown}
 k - 3 scrolls of noise {!r}
 l - 3 scrolls of magic mapping
 m - 2 scrolls of silence
 t - 3 scrolls of teleportation {@r4}
 w - 2 scrolls of fog
 C - 2 scrolls of poison {!r}
Potions
 g - 2 potions of might {unknown}
 h - 9 potions of curing {@q1}
 p - 2 potions of cancellation {unknown}
 v - 4 potions of flight
 y - a potion of haste {@q3}
 A - 2 potions of magic {unknown}
 E - a potion of mutation {unknown}
 G - 3 potions of brilliance {unknown}
 K - 3 potions of heal wounds {unknown}
 L - a potion of resistance {unknown}
 R - a potion of degeneration {unknown}


   Skills:
 + Level 10.1 Fighting
 * Level 13.6 Axes
 * Level 10.1 Ranged Weapons
 - Level 2.4 Armour
 - Level 2.1 Dodging
 + Level 5.7 Evocations


You had 10 spell levels left.
You didn't know any spells.
Your spell library was empty.

Dungeon Overview and Level Annotations

Branches:
Dungeon (10/15)            Temple (0/1) D:4
   Lair: D:8-11         Orc: D:9-12

Altars:
Ashenzari
Cheibriados
Elyvilon
Hepliaklqana
Kikubaaqudgha
Makhleb
Okawaru
Trog
Vehumet
Wu Jian
The Shining One

Shops:
D:5 =   D:7 *:


Innate Abilities, Weirdness & Mutations

You have a pair of horns on your head.
You reflexively headbutt those who attack you in melee.


Message History

The centaur warrior hits you but does no damage.
The centaur warrior kicks you. The centaur warrior closely misses you.
The centaur warrior kicks you but does no damage.
An eight-headed hydra comes into view.
You slash the centaur warrior! You punch the centaur warrior.
The centaur warrior hits you but does no damage.
The centaur warrior barely misses you.
The centaur warrior hits you but does no damage.
The centaur warrior kicks you but does no damage.
You slash the centaur warrior!
You kill the centaur warrior!
Trog accepts your kill.
Your +4 scimitar of flaming bursts into flame!
N - a +4 scimitar of flaming (weapon)
The eight-headed hydra bites you. The eight-headed hydra misses you.
The eight-headed hydra bites you.
The eight-headed hydra bites you but does no damage.
The eight-headed hydra bites you. The eight-headed hydra bites you!
* * * LOW HITPOINT WARNING * * *
The eight-headed hydra bites you!
* * * LOW MAGIC WARNING * * *
* * * LOW HITPOINT WARNING * * *
The eight-headed hydra bites you.
* * * LOW MAGIC WARNING * * *
* * * LOW HITPOINT WARNING * * *
You chop one of the eight-headed hydra's heads off!
The flame cauterises the wound!
You slice the seven-headed hydra!! You burn the seven-headed hydra.
Your skin stops crawling.
You feel less strong-willed.
The seven-headed hydra bites you but does no damage. x2
The seven-headed hydra completely misses you.
The seven-headed hydra misses you. The seven-headed hydra bites you!
* * * LOW MAGIC WARNING * * *
* * * LOW HITPOINT WARNING * * *
The seven-headed hydra bites you.
* * * LOW HITPOINT WARNING * * *
The seven-headed hydra bites you.
* * * LOW HITPOINT WARNING * * *
The seven-headed hydra bites you but does no damage.
The seven-headed hydra bites you!
* * * LOW MAGIC WARNING * * *
* * * LOW HITPOINT WARNING * * *
The seven-headed hydra bites you.
* * * LOW MAGIC WARNING * * *
* * * LOW HITPOINT WARNING * * *
The seven-headed hydra bites you but does no damage.
The seven-headed hydra barely misses you.
The seven-headed hydra bites you but does no damage.
The seven-headed hydra bites you!
You die...

#..##..#.....##..##...
#.. #..#.....##..##...
#. #..+.........#....
########.........#....
.#...#.........#....
'..)'....[....#####
#...#.....#####....
######D##.....#........
#$.[#.@.##'####.##.....
#...#.).#.......##.....
#/.)#...#..#...........
##+###+##..#...........
#)(.#..............
.'...#####'######+##
...#...##.............
##########.............
#####.........


You could see a seven-headed hydra.

Vanquished Creatures
  A hydra (D:8)
  Erica (D:10)
  4 centaur warriors (D:10)
  A cyclops (D:10)
  Joseph (D:8)
  A gargoyle (D:9)
  Maggie (D:8)
  A tengu conjurer (D:10)
  Grinder (D:3)
  A shadow (D:10)
  A wraith (D:10)
  2 wyverns (D:9)
  A water moccasin (D:7)
  Duvessa (D:5)
  An orc warrior (D:10)
  A sky beast (D:7)
  2 black bears
  An ice beast (D:8)
  An ogre (D:6)
  4 centaurs
  2 kobold brigands
  2 bullfrogs
  A gnoll sergeant (D:10)
  3 scorpions
  6 wights
  Dowan (D:5)
  An electric eel (D:7)
  3 howler monkeys (D:7)
  2 hounds
  3 jellies
  6 orc priests
  Terence (D:3)
  Jessica (D:3)
  5 iguanas
  Ijyb (D:3)
  13 orc wizards
  10 gnolls
  8 adders
  A white imp (D:8)
  2 ufetubi (D:6)
  2 worms
  5 dart slugs
  33 orcs
  6 bats
  An endoplasm (D:4)
  6 hobgoblins
  6 jackals
  3 quokkas
  7 ball pythons
  11 frilled lizards
  5 goblins
  12 kobolds
  5 rats
202 creatures vanquished.

Vanquished Creatures (collateral kills)
  A wyvern (D:9)
  An orc warrior (D:9)
  A kobold brigand (D:9)
  2 orcs (D:9)
  5 kobolds (D:9)
10 creatures vanquished.

Vanquished Creatures (others)
  A human (D:3)
  A fungus (D:3)
  2 plants (D:3)
4 creatures vanquished.

Grand Total: 216 creatures vanquished

Notes
Turn   | Place    | Note
-------+----------+-------------------------------------------
     0 | D:1      | Pooter the Minotaur Berserker began the quest for the Orb.
     0 | D:1      | Reached XP level 1. HP: 19/19 MP: 0/0
   110 | D:1      | Reached skill level 4 in Axes
   111 | D:1      | Reached XP level 2. HP: 19/27 MP: 1/1
   583 | D:2      | Reached XP level 3. HP: 33/33 MP: 2/2
   586 | D:2      | Reached ** piety under Trog
   647 | D:2      | Reached skill level 5 in Axes
   911 | D:2      | Found a burning altar of Makhleb.
   943 | D:2      | Reached XP level 4. HP: 41/41 MP: 3/3
  1252 | D:3      | Noticed Terence
  1266 | D:3      | Killed Terence
  1276 | D:3      | Noticed Ijyb
  1322 | D:3      | Killed Ijyb
  1323 | D:3      | Reached skill level 5 in Fighting
  1323 | D:3      | Reached skill level 6 in Axes
  1323 | D:3      | Reached XP level 5. HP: 47/47 MP: 4/4
  1437 | D:3      | Noticed Grinder
  1444 | D:3      | Killed Grinder
  1445 | D:3      | Reached skill level 7 in Axes
  1445 | D:3      | Reached XP level 6. HP: 45/57 MP: 5/5
  1575 | D:3      | Found a faded altar of an unknown god.
  1752 | D:3      | Found an ancient bone altar of Kikubaaqudgha.
  1753 | D:3      | Noticed a human
  1755 | D:3      | Killed a human
  1831 | D:3      | Noticed Jessica
  1834 | D:3      | Killed Jessica
  2175 | D:4      | Reached skill level 8 in Axes
  2178 | D:4      | Reached XP level 7. HP: 64/64 MP: 6/6
  2400 | D:4      | Found a glowing golden altar of the Shining One.
  2426 | D:4      | Reached skill level 1 in Ranged Weapons
  2465 | D:4      | Found a staircase to the Ecumenical Temple.
  2490 | D:4      | Reached *** piety under Trog
  2923 | D:5      | Entered Level 5 of the Dungeon
  2939 | D:5      | Reached skill level 1 in Evocations
  3050 | D:5      | Found Rur Bajo's Jewellery Boutique.
  3188 | D:5      | Reached skill level 9 in Axes
  3202 | D:5      | Noticed Dowan
  3203 | D:5      | Noticed Duvessa
  3214 | D:5      | Killed Duvessa
  3215 | D:5      | Reached XP level 8. HP: 73/73 MP: 7/7
  3217 | D:5      | Killed Dowan
  3435 | D:5      | Found a bloodstained altar of Trog.
  3982 | D:6      | Reached skill level 10 in Axes
  4065 | D:6      | Reached skill level 5 in Ranged Weapons
  4583 | D:6      | Found a white marble altar of Elyvilon.
  4860 | D:7      | Reached XP level 9. HP: 81/81 MP: 8/8
  4959 | D:7      | Found Binumoy's Self-Improvement Boutique.
  5207 | D:7      | Found Lixi's Lightly-Used Armoury.
  5215 | D:7      | Bought a -3 eveningstar for 1 gold piece
  5530 | D:7      | Found a snail-covered altar of Cheibriados.
  5530 | D:7      | Found an iron altar of Okawaru.
  5731 | D:8      | Noticed Maggie
  5765 | D:8      | Killed Maggie
  5766 | D:8      | Reached skill level 11 in Axes
  5833 | D:8      | Noticed Joseph
  5840 | D:8      | Killed Joseph
  6037 | D:8      | Found an ornate altar of the Wu Jian Council.
  6124 | D:8      | Noticed a six-headed hydra
  6131 | D:8      | Killed a six-headed hydra
  6132 | D:8      | Reached XP level 10. HP: 88/90 MP: 9/9
  6287 | D:8      | Found a hazy altar of Hepliaklqana.
  6589 | D:9      | Reached skill level 12 in Axes
  6633 | D:9      | Identified the +10 rapier "Iqugil" {pain, Int+4}
  6915 | D:9      | Found a broken altar of Ashenzari.
  6988 | D:9      | Noticed a gargoyle
  6998 | D:9      | Killed a gargoyle
  7340 | D:9      | Identified a scroll of acquirement
  7340 | D:9      | Acquired 891 gold pieces
  7413 | D:5      | Bought the amulet "Zushrapn" {Spirit Slay+3} for 545 gold
                  | pieces
  7832 | D:10     | Entered Level 10 of the Dungeon
  8136 | D:10     | Reached **** piety under Trog
  8544 | D:10     | Found a radiant altar of Vehumet.
  8625 | D:10     | Noticed Erica
  8638 | D:10     | Killed Erica
  8639 | D:10     | Reached skill level 5 in Evocations
  8698 | D:10     | Noticed a centaur warrior
  8703 | D:10     | Killed a centaur warrior
  8704 | D:10     | Reached skill level 13 in Axes
  8710 | D:10     | Noticed a centaur warrior
  8712 | D:10     | Noticed an eight-headed hydra
  8720 | D:10     | Killed a centaur warrior
  8873 | D:10     | Noticed a cyclops
  8874 | D:10     | Noticed a centaur warrior
  8875 | D:10     | Reached XP level 11. HP: 67/99 MP: 5/10
  8882 | D:10     | Killed a centaur warrior
  8883 | D:10     | Reached skill level 10 in Fighting
  8887 | D:10     | Reached skill level 10 in Ranged Weapons
  8895 | D:10     | Noticed a centaur warrior
  8900 | D:10     | Noticed an eight-headed hydra
  8902 | D:10     | Killed a centaur warrior
  8904 | D:10     | HP: 2/99 [seven-headed hydra (5)]
  8904 | D:10     | Mangled by a seven-headed hydra

Illustrated notes

Levels and vault maps discovered:
D:1:      grunt_arrival_crossed_arrows, layout_basic, minmay_lizard_pond
D:2:      layout_loops_cross, basic_altar
D:3:      layout_loops_ring, tgw_kikubaaqudgha,
          shapermc_ecumenical_altar_rom_forum, uniq_grinder, uniq_jessica,
          uniq_ijyb, uniq_terence
D:4:      layout_basic, nicolae_overflow_crystal_walls,
          minmay_temple_entry_ruins, nicolae_titane
D:5:      layout_loops_cross, trog_three_pillars_becter, serial_shops,
          nicolae_take_the_stairs, uniq_duvessa
D:6:      layout_basic, elyvilon_altar_3, hangedman_decor_clover_reticule
D:7:      layout_loops_ring, gammafunk_temple_overflow_wave,
          minmay_misc_feat_enclosed, minivault_14, minmay_shop_damaged,
          nicolae_shop_self_help
D:8:      layout_gridville, nicolae_hepliaklqana_hippocampus,
          lemuel_round_altar, uniq_joseph, uniq_maggie
D:9:      layout_cross, marbit_many_paths
D:10:     layout_stronghold, vehumet_altar_wand_db, minmay_evil_grid, uniq_erica

Skill      XL: |  1  2  3  4  5  6  7  8  9 10 11 |
---------------+----------------------------------+-----
Axes           | 4 5 6 7 8 9 10 11 13 | 13.6
Fighting       | 4 5 6 7 8 9 10 | 10.1
Ranged Weapons | 3 5 7 9 10 | 10.1
Evocations     | 1 3 4 5 |  5.7
Armour         | |  2.4
Dodging        | |  2.1

Action                   |  1- 3 |  4- 6 |  7- 9 | 10-12 || total
-------------------------+-------+-------+-------+-------++-------
Melee: Hand axe          |    78 |     8 |       |       ||    86
       Punch             |     1 |     1 |     1 |     1 ||     4
       Headbutt          |    11 |     5 |    30 |    19 ||    65
       War axe           |       |    38 |   168 |   103 ||   309
       Eveningstar       |       |       |     5 |       ||     5
       Scimitar          |       |       |       |     1 ||     1
 Fire: Sling             |       |       |    21 |       ||    21
       Shortbow          |       |       |    39 |    24 ||    63
Throw: Boomerang         |     4 |     3 |       |       ||     7
       Dart              |       |       |     4 |     1 ||     5
Invok: Berserk           |     1 |     3 |     8 |     5 ||    17
       Trog's Hand       |       |     1 |     9 |     5 ||    15
Evoke: Wand              |       |     3 |     3 |       ||     6
  Use: Scroll            |       |     3 |     2 |    12 ||    17
       Potion            |       |       |     1 |       ||     1
Armor: Animal skin       |    20 |       |       |       ||    20
       Plate armour      |       |     9 |    40 |       ||    49
       Chain mail        |       |       |    61 |    58 ||   119
Dodge: Dodged            |    83 |    17 |   105 |    54 ||   259

Table legend: (Time is in decaauts)
 A = Elapsed time spent in this place.
 B = Non-inter-level travel time spent in this place.
 C = Inter-level travel time spent in this place.
 D = Time resting spent in this place.
 E = Time spent auto-exploring this place.
 F = Levels seen in this place.
 G = Mean time per level.
                   A        B        C        D        E       F      G
               +--------+--------+--------+--------+--------+-----+--------+
         Total |   9091 |   8799 |    292 |   1794 |   5426 |  10 |  909.1 |
       Dungeon |   9091 |   8799 |    292 |   1794 |   5426 |  10 |  909.1 |
               +--------+--------+--------+--------+--------+-----+--------+

Top non-repeatable levels by time:
     D:9: 1143 daAuts
    D:10: 1088 daAuts
     D:6: 1025 daAuts
     D:8: 980 daAuts
     D:7: 979 daAuts
     D:3: 898 daAuts
     D:5: 880 daAuts
     D:4: 779 daAuts
     D:2: 722 daAuts
     D:1: 592 daAuts
